[Event "Titled Tuesday Blitz March 21 Late 2023"]
[White "Jiganchine, Roman"]
[Black "Gallegos Diaz, Carlos Alberto"]
[WhiteFideId "2603667"]
[BlackFideId "3900886"]
[WhiteElo "2297"]
[BlackElo "2362"]
[Result "1-0"]
[Round "07"]
[TimeControl "180+2"]
[Date "2023.03.21"]
[WhiteClock "0:00:56"]
[BlackClock "0:00:18"]

1. e4 d6 2. d4 Nf6 3. Nc3 c6 4. f4 Qa5 5. Nf3 Nxe4 6. Bd3 Nf6 7. O-O Bg4 8. Bd2 Qb6 9. h3 Bxf3 10. Qxf3 Nbd7 11. Ne2 e6 12. c4 Be7 13. Kh1 g6 14. Bc3 d5 15. Ng3 h5 16. f5 gxf5 17. Rae1 O-O-O 18. c5 Qc7 19. Nxf5 exf5 20. Rxe7 Ne4 21. Bxe4 fxe4 22. Qf4 Qxf4 23. Rxf4 Rdf8 24. Rfxf7 Rxf7 25. Rxf7 Rf8 26. Rh7 1-0


[Site "https://www.chess.com"]

[Event "Titled Tuesday Blitz March 21 Late 2023"]
[White "olga-belka"]
[Black "Castella Garcia, Fausto"]
[BlackFideId "3501922"]
[WhiteElo "2240"]
[BlackElo "2245"]
[Result "1-0"]
[Round "07"]
[TimeControl "180+2"]
[Date "2023.03.21"]
[WhiteClock "0:00:15"]
[BlackClock "0:01:15"]

1. e4 c5 2. Nf3 d6 3. Bb5+ Bd7 4. Bxd7+ Nxd7 5. O-O Ngf6 6. Re1 g6 7. c3 Bg7 8. d4 O-O 9. Nbd2 cxd4 10. cxd4 e5 11. Nc4 Qc7 12. b3 Nxe4 13. Rxe4 d5 14. Rxe5 dxc4 15. Re7 Qd6 16. Re2 Nb6 17. Bg5 c3 18. Be7 Qd5 19. Bxf8 Rxf8 20. Rc1 Rc8 21. Qd3 Qa5 22. h3 Nd5 23. Ne5 Nf4 24. Qf3 Nxe2+ 25. Qxe2 Qd5 26. Qe3 c2 27. Nf3 1-0


[Site "https://www.chess.com"]

[Event "Titled Tuesday Blitz March 21 Late 2023"]
[White "Manu_ChessExcelsior"]
[Black "Sarkar, Justin"]
[BlackFideId "2010011"]
[WhiteElo "2053"]
[BlackElo "2189"]
[Result "1/2-1/2"]
[Round "07"]
[TimeControl "180+2"]
[Date "2023.03.21"]
[WhiteClock "0:00:20"]
[BlackClock "0:00:04"]

1. e4 e5 2. Nf3 Nc6 3. Bc4 Nf6 4. Ng5 d5 5. exd5 Na5 6. Bb5+ c6 7. dxc6 Nxc6 8. Nc3 Be7 9. O-O O-O 10. d3 Nd4 11. Bc4 Bg4 12. f3 Bd7 13. Nge4 Bc6 14. Be3 Kh8 15. Kh1 Ne8 16. Bg1 f5 17. Ng3 Qd7 18. Nce2 b5 19. Nxd4 exd4 20. Bb3 a5 21. a4 bxa4 22. Bc4 Nd6 23. Bxd4 Nxc4 24. dxc4 Kg8 25. Bc3 Bb4 26. Qxd7 Bxd7 27. Rfd1 Bc6 28. Rd3 g6 29. Rad1 Rfe8 30. h4 f4 31. Ne4 Bxe4 32. fxe4 Bxc3 33. Rxc3 Rxe4 34. Rd7 Rc8 35. Ra7 Rexc4 36. Rxc4 Rxc4 37. Rxa5 Rxc2 38. Rxa4 Rxb2 39. Rxf4 Kg7 40. Kh2 h6 41. Ra4 Rb3 42. Ra6 Kf7 43. g3 Kg7 44. Kh3 Kf7 45. Ra7+ Kf6 46. Rh7 h5 47. Rh8 Rc3 48. Ra8 Kg7 49. Ra6 Kf7 50. Kg2 Kg7 51. Ra5 Kf7 52. Rg5 Kg7 53. Kf2 Kf6 54. Kg2 1/2-1/2


[Site "https://www.chess.com"]

[Event "Titled Tuesday Blitz March 21 Late 2023"]
[White "Visakh N R"]
[Black "lluiss"]
[WhiteFideId "25012223"]
[WhiteElo "2466"]
[BlackElo "2178"]
[Result "1-0"]
[Round "07"]
[TimeControl "180+2"]
[Date "2023.03.21"]
[WhiteClock "0:01:20"]
[BlackClock "0:00:01"]

1. e4 c5 2. Nf3 d6 3. d4 cxd4 4. c3 dxc3 5. Nxc3 Nc6 6. Bc4 e6 7. O-O a6 8. Qe2 Be7 9. Rd1 Bd7 10. Bf4 e5 11. Bg3 Nf6 12. Bh4 Bg4 13. Bxf6 Bxf6 14. Qe3 Nd4 15. Be2 Nxe2+ 16. Qxe2 O-O 17. h3 Be6 18. Rd2 Qb6 19. Rad1 Rfd8 20. Nh2 Bg5 21. Nd5 Qb5 22. a4 Qxa4 23. Rd3 Qb5 24. Nc7 Qb4 25. Nxa8 Rxa8 26. Rxd6 h6 27. Nf3 Bf6 28. Qe3 Qxb2 29. Rb6 Qa2 30. Rxb7 a5 31. Rbb1 a4 32. Ra1 Qb3 33. Qxb3 Bxb3 34. Rdb1 Rd8 35. Rb2 Rd3 36. Nd2 Be7 37. Nxb3 axb3 38. Rab1 Bc5 39. Rxb3 Rxb3 40. Rxb3 Bd4 41. Kf1 g6 42. f3 Kg7 43. Ke2 h5 44. Ra3 Bb2 45. Ra6 Bd4 46. Kd3 Bb2 47. Kc4 Bd4 48. Rd6 Be3 49. Kd5 Bf4 50. Kc6 Kf8 51. Kd7 Kg7 52. Ke8 f5 53. Ke7 fxe4 54. fxe4 1-0


[Site "https://www.chess.com"]

[Event "Titled Tuesday Blitz March 21 Late 2023"]
[White "Fajdetic, Hrvoje"]
[Black "Olsson, William"]
[WhiteFideId "14501945"]
[BlackFideId "1741721"]
[WhiteElo "2185"]
[BlackElo "2197"]
[Result "0-1"]
[Round "07"]
[TimeControl "180+2"]
[Date "2023.03.21"]
[WhiteClock "0:00:01"]
[BlackClock "0:00:02"]

1. d4 d5 2. c4 c6 3. cxd5 cxd5 4. Bf4 Nf6 5. e3 Nc6 6. Nc3 Bf5 7. Qb3 Na5 8. Qa4+ Bd7 9. Bb5 Nc6 10. Nf3 e6 11. Ne5 Nxe5 12. dxe5 Bxb5 13. Nxb5 Nd7 14. Rc1 Rc8 15. O-O a6 16. Rxc8 Qxc8 17. Nd6+ Bxd6 18. exd6 O-O 19. e4 Nc5 20. Qb4 Nd3 21. Qd2 dxe4 22. f3 Nxf4 23. Qxf4 exf3 24. Rxf3 Qc5+ 25. Kh1 e5 26. Qd2 Rd8 27. Rd3 e4 28. Rd5 Qc4 29. h3 e3 30. Qd3 Qxd3 31. Rxd3 f5 32. g3 Kf7 33. Kg2 e2 34. Kf2 Ke6 35. Kxe2 Rxd6 36. Re3+ Kf6 37. Kf3 g5 38. Rb3 b5 39. h4 h6 40. hxg5+ hxg5 41. a4 bxa4 42. Rb4 Rd3+ 43. Kf2 Rd2+ 44. Kf3 Rd3+ 45. Kf2 Rd6 46. Rxa4 g4 47. Ra5 Kg5 48. Ke3 Rb6 49. Ra2 Rb3+ 50. Kf2 Rf3+ 51. Kg2 Rd3 52. Kf2 Rd6 53. Ke3 Kf6 54. Kf4 Re6 55. Ra4 Rd6 56. b3 Re6 57. Rb4 Rc6 0-1


[Site "https://www.chess.com"]

[Event "Titled Tuesday Blitz March 21 Late 2023"]
[White "Ardila, Oscar Humberto"]
[Black "Vaglio Munoz, Jaime"]
[WhiteFideId "4404742"]
[BlackFideId "6500145"]
[WhiteElo "1911"]
[BlackElo "2199"]
[Result "1/2-1/2"]
[Round "07"]
[TimeControl "180+2"]
[Date "2023.03.21"]
[WhiteClock "0:00:12"]
[BlackClock "0:00:26"]

1. d4 c6 2. Nf3 b5 3. e3 d5 4. Ne5 Nf6 5. Be2 g6 6. O-O Bg7 7. f4 O-O 8. Nd2 a5 9. h3 a4 10. a3 Bf5 11. c3 Ne4 12. g4 Nxd2 13. Bxd2 Be4 14. Be1 f6 15. Nf3 Nd7 16. Nd2 e5 17. Nxe4 dxe4 18. fxe5 fxe5 19. Bg3 Qe7 20. Qc2 exd4 21. cxd4 Rac8 22. Rxf8+ Bxf8 23. Bxb5 Nf6 24. Bxa4 Nd5 25. Bb3 Kh8 26. Bxd5 c5 27. Rf1 Bg7 28. Qxe4 Qa7 29. Be5 cxd4 30. Bxg7+ Qxg7 31. Qxd4 Qxd4 32. exd4 Rd8 33. Bc4 Rxd4 34. b3 Kg7 35. a4 Rd2 36. a5 Ra2 37. a6 Kh6 38. h4 Ra5 39. Rf7 g5 40. h5 Ra1+ 41. Kg2 Rg1+ 42. Kf3 Rg3+ 43. Ke4 Re3+ 44. Kd5 Re5+ 45. Kd4 Rd5+ 46. Kc3 Rd3+ 47. Kb4 Rxb3+ 48. Kc5 Rb5+ 49. Kd6 Rd5+ 50. Ke7 Rd7+ 51. Kf8 Rd8+ 52. Ke7 Rd7+ 53. Ke6 Rd6+ 54. Ke5 Rd5+ 55. Ke4 Rd4+ 56. Kf3 Rd3+ 57. Ke2 Rd2+ 58. Ke1 Rd1+ 59. Ke2 Rd2+ 60. Ke3 Rd3+ 61. Ke4 Rd4+ 62. Ke5 Rd5+ 63. Ke6 Rd6+ 64. Ke7 Rd7+ 1/2-1/2


[Site "https://www.chess.com"]

[Event "Titled Tuesday Blitz March 21 Late 2023"]
[White "Tymrakiewicz, Rafal"]
[Black "Fernandez Hernandez, Gerardo"]
[WhiteFideId "1108832"]
[BlackFideId "2207400"]
[WhiteElo "2151"]
[BlackElo "2221"]
[Result "1-0"]
[Round "07"]
[TimeControl "180+2"]
[Date "2023.03.21"]
[WhiteClock "0:01:04"]
[BlackClock "0:00:05"]

1. e4 e6 2. d4 d5 3. e5 c5 4. c3 Nc6 5. Nf3 Qb6 6. Bd3 Nh6 7. dxc5 Bxc5 8. O-O O-O 9. b4 Be7 10. a3 Ng4 11. Qe2 f5 12. h3 Nh6 13. Be3 Qc7 14. Bf4 Bd7 15. Re1 Rac8 16. Nbd2 Nf7 17. Nb3 g5 18. Bh2 f4 19. Nbd4 Nxd4 20. cxd4 Nh6 21. Nxg5 Bxg5 22. Qh5 Qd8 23. h4 Be8 24. Qxg5+ Qxg5 25. hxg5 Ng4 26. Rac1 Rxc1 27. Rxc1 Nxh2 28. Kxh2 Bg6 29. Bxg6 hxg6 30. Kh3 Kg7 31. Kg4 Rh8 32. Rc7+ Kg8 33. Rc8+ Kg7 34. Rxh8 Kxh8 35. Kxf4 b5 36. g4 Kg7 37. Kg3 Kf7 38. f4 Ke7 39. f5 Kf7 40. Kh4 Kf8 41. fxg6 Kg7 42. Kh5 a6 43. Kh4 Kxg6 44. Kh3 Kxg5 45. Kg3 Kh6 46. Kh4 Kg6 47. g5 Kg7 48. Kh5 Kf7 49. g6+ Kg7 50. Kg5 Kg8 51. Kf6 Kf8 52. Kxe6 Kg7 53. Kf5 1-0


[Site "https://www.chess.com"]

[Event "Titled Tuesday Blitz March 21 Late 2023"]
[White "Sabar, Ethmane Daouda"]
[Black "Rosenberg, Evan S"]
[WhiteFideId "19600097"]
[BlackFideId "2019299"]
[WhiteElo "1950"]
[BlackElo "2313"]
[Result "1-0"]
[Round "07"]
[TimeControl "180+2"]
[Date "2023.03.21"]
[WhiteClock "0:00:26"]
[BlackClock "0:00:05"]

1. b3 e5 2. Bb2 Nc6 3. e3 d5 4. Bb5 Ne7 5. Bxe5 a6 6. Bxc6+ Nxc6 7. Bb2 Qg5 8. Nf3 Qxg2 9. Rg1 Qh3 10. d3 Bg4 11. Nbd2 O-O-O 12. Qe2 d4 13. O-O-O Bb4 14. Rg3 Qh5 15. h3 Bxd2+ 16. Kxd2 dxe3+ 17. fxe3 Bxf3 18. Qxf3 Qa5+ 19. Kc1 Qxa2 20. Rxg7 Kb8 21. Qxf7 Rc8 22. Rdg1 Rhf8 23. Qc4 Rf2 24. Rg8 Ne7 25. Rxc8+ Nxc8 26. Rg7 Rf1+ 27. Kd2 Qa5+ 28. Bc3 Qb6 29. Bd4 Qd6 30. Qc5 Qxc5 31. Bxc5 b6 32. Bd4 h5 33. Rg5 Rf2+ 34. Kc3 h4 35. Rg4 Nd6 36. Rxh4 Nb5+ 37. Kb2 Rh2 38. Be5 Kb7 39. Bxh2 1-0


[Site "https://www.chess.com"]

[Event "Titled Tuesday Blitz March 21 Late 2023"]
[White "Ruiz Aguilar, Pablo Alexander"]
[Black "Elaisaz"]
[WhiteFideId "4401352"]
[WhiteElo "2138"]
[BlackElo "2201"]
[Result "1-0"]
[Round "07"]
[TimeControl "180+2"]
[Date "2023.03.21"]
[WhiteClock "0:01:42"]
[BlackClock "0:01:00"]

1. e4 e5 2. Nf3 Nc6 3. Bb5 Nf6 4. d3 d6 5. O-O Be7 6. c3 O-O 7. Re1 Bg4 8. h3 Bh5 9. Nbd2 a6 10. Ba4 b5 11. Bb3 d5 12. Qe2 dxe4 13. dxe4 Re8 14. Nf1 h6 15. Ng3 Bxf3 16. Qxf3 Na5 17. Bc2 c5 18. Nf5 Bf8 19. Rd1 Qb6 20. Bxh6 gxh6 21. Rd6 Bxd6 22. Qg3+ Ng4 23. Qxg4+ Kf8 24. Qg7# 1-0


[Site "https://www.chess.com"]

[Event "Titled Tuesday Blitz March 21 Late 2023"]
[White "Jimenez Fernandez, Rebeca"]
[Black "Prieto Aranguren, Alain"]
[WhiteFideId "32070934"]
[BlackFideId "2268906"]
[WhiteElo "2008"]
[BlackElo "2209"]
[Result "1-0"]
[Round "07"]
[TimeControl "180+2"]
[Date "2023.03.21"]
[WhiteClock "0:00:17"]
[BlackClock "0:00:06"]

1. e4 c6 2. d4 d5 3. exd5 cxd5 4. c3 Qc7 5. Bd3 Nc6 6. Ne2 Bg4 7. Be3 e6 8. Nd2 Bd6 9. h3 Bh5 10. O-O Nf6 11. a3 O-O 12. c4 dxc4 13. Nxc4 Nd5 14. Nxd6 Qxd6 15. Qd2 Rac8 16. Nf4 Nxf4 17. Bxf4 Qxd4 18. Be3 Qf6 19. Bg5 Qd4 20. Be3 Qd8 21. Bc5 Re8 22. Qe3 Bg6 23. Bxg6 hxg6 24. Rad1 Qf6 25. b4 e5 26. b5 Nd4 27. Bxd4 exd4 28. Qxd4 Qxd4 29. Rxd4 Rc3 30. a4 Ra3 31. Rfd1 Re2 32. Kf1 Raa2 33. Rf4 Red2 34. Rxd2 Rxd2 35. Rc4 Ra2 36. Rc7 Rxa4 37. Rxb7 f6 38. Ke2 g5 39. Kf3 Kh7 40. Kg3 Kg6 41. f3 f5 42. b6 axb6 43. Rxb6+ Kh5 44. Kh2 Ra2 45. Rb7 Kg6 46. Rb6+ Kf7 47. Rb7+ Kf6 48. Rb6+ Ke5 49. Rb5+ Kf4 50. Rb4+ Ke3 51. Rb5 Kf4 52. Rb4+ Ke5 53. Rb5+ Kf6 54. Rb6+ Kf7 55. Rb7+ Kg6 56. Rb6+ Kh5 57. Rb5 f4 58. Rb7 Kg6 59. Rb6+ Kf5 60. Rb5+ Kf6 61. Rb6+ Ke5 62. Rb5+ Kf6 63. Rb6+ Kf7 64. Rb7+ Kg6 65. Rb6+ Kh5 66. Rb7 Kh6 67. Rb6+ g6 68. Rb8 Ra1 69. Rh8+ Kg7 70. Rb8 Kf6 71. Rb6+ Kf5 72. Rb5+ Kf6 73. Rb6+ Kg7 74. Rb7+ Kh6 75. Rb8 Ra5 76. Rh8+ Kg7 77. Rb8 Kf6 78. Rb6+ Kf5 79. Rb4 Rd5 80. Ra4 Rd6 81. Rb4 Ke5 82. Ra4 Rd4 83. Ra5+ Rd5 84. Ra6 Kd4 85. Rxg6 Ke3 86. h4 gxh4 87. Kh3 Kf2 88. Rg4 Rd1 89. Rxh4 Rh1+ 90. Kg4 Rxh4+ 91. Kxh4 Kxg2 92. Kg4 Kf2 93. Kxf4 Ke2 94. Ke4 1-0


[Site "https://www.chess.com"]

[Event "Titled Tuesday Blitz March 21 Late 2023"]
[White "rionelG"]
[Black "Hartikainen, Jarmo"]
[BlackFideId "503134"]
[WhiteElo "2273"]
[BlackElo "2172"]
[Result "0-1"]
[Round "07"]
[TimeControl "180+2"]
[Date "2023.03.21"]
[WhiteClock "0:00:07"]
[BlackClock "0:00:08"]

1. e4 c5 2. g3 g6 3. Bg2 Bg7 4. Ne2 Nc6 5. c3 e5 6. d3 Nf6 7. Be3 d6 8. h3 h6 9. O-O Be6 10. f4 Qd7 11. Nd2 Bxh3 12. f5 Bxg2 13. Kxg2 Ng4 14. Bg1 h5 15. a4 Bh6 16. Nc4 b6 17. Qb3 d5 18. Na3 dxe4 19. dxe4 Qd3 20. Qc4 Qxc4 21. Nxc4 O-O 22. a5 b5 23. Nd6 a6 24. Bxc5 Be3 25. Ba3 Rad8 26. fxg6 fxg6 27. Rxf8+ Rxf8 28. Rf1 Rxf1 29. Kxf1 Nxa5 30. Ng1 Bxg1 31. Kxg1 Nc4 32. Nxc4 bxc4 33. Kf1 Ne3+ 34. Ke2 Nc2 35. Bd6 Kf7 36. Bxe5 Ke6 37. Bd4 Na1 38. Ke3 Nb3 39. Kf4 a5 40. Bg7 a4 41. Kg5 Kf7 42. Be5 Nc5 43. Kf4 Nd3+ 44. Ke3 Nxe5 45. Kd4 Ke6 46. Kc5 g5 47. Kd4 Kd6 48. Ke3 Kc5 49. Ke2 Nd3 50. Ke3 Nxb2 51. e5 Kd5 52. e6 Kxe6 53. Kd4 a3 0-1


[Site "https://www.chess.com"]

[Event "Titled Tuesday Blitz March 21 Late 2023"]
[White "Roman, Rodrigo"]
[Black "Ricaurte Lopez, Juan Carlos"]
[WhiteFideId "3701220"]
[BlackFideId "3600327"]
[WhiteElo "1995"]
[BlackElo "2209"]
[Result "1-0"]
[Round "07"]
[TimeControl "180+2"]
[Date "2023.03.21"]
[WhiteClock "0:00:14"]
[BlackClock "0:00:01"]

1. e4 e5 2. Nf3 d5 3. exd5 e4 4. Qe2 Nf6 5. d3 Be7 6. dxe4 O-O 7. Bf4 Re8 8. Nbd2 c6 9. dxc6 Nxc6 10. O-O-O Bg4 11. h3 Bh5 12. Nc4 Qc8 13. Qe3 Nb4 14. Kb1 Bc5 15. Qb3 Nxe4 16. Bg3 Bxf2 17. Nd6 Bxg3 18. Nxc8 Bxf3 19. gxf3 Nd2+ 20. Ka1 Nxb3+ 21. axb3 Raxc8 22. c3 Nc2+ 23. Kb1 Ne3 24. Rd7 Rc7 25. Rd4 Nxf1 26. Rxf1 g6 27. Rfd1 Re2 28. Rd7 Re7 29. Rd8+ Kg7 30. R8d2 h5 31. Rg2 h4 32. Rd4 Re3 33. f4 Rf3 34. Re4 Rc6 35. Rb4 b6 36. Ra4 a5 37. f5 gxf5 38. Rxh4 f4 39. Rg4+ Kf6 40. h4 Ke5 41. Rg7 Rf6 42. h5 Rf2 43. R7xg3 fxg3 44. Rxg3 Rh6 45. Re3+ Kf4 46. Rd3 Kg4 47. Rd5 f5 48. Rd8 f4 49. Rg8+ Kf3 50. Rh8 1-0


[Site "https://www.chess.com"]

[Event "Titled Tuesday Blitz March 21 Late 2023"]
[White "Winkels, Marcel"]
[Black "Stanisz, Patryk"]
[WhiteFideId "1003887"]
[BlackFideId "1123106"]
[WhiteElo "1900"]
[BlackElo "2069"]
[Result "1-0"]
[Round "07"]
[TimeControl "180+2"]
[Date "2023.03.21"]
[WhiteClock "0:00:19"]
[BlackClock "0:00:02"]

1. d4 d5 2. Bf4 c5 3. e3 Nc6 4. Nf3 Nf6 5. h3 e6 6. c3 cxd4 7. exd4 Nh5 8. Bh2 Bd6 9. Ne5 g6 10. Be2 Ng7 11. O-O f6 12. Nf3 O-O 13. Nbd2 Nf5 14. Re1 Bd7 15. Bd3 Bxh2+ 16. Nxh2 e5 17. dxe5 fxe5 18. Bb5 e4 19. Ndf1 Be6 20. Qa4 Qb6 21. Ne3 Nxe3 22. fxe3 Ne5 23. Rad1 Rad8 24. Nf1 a6 25. Be2 Qxb2 26. Rb1 Qxc3 27. Rec1 b5 28. Qxa6 Bc8 29. Qxb5 Qa3 30. Rxc8 Rxc8 31. Qxd5+ Nf7 32. Bc4 Rcd8 33. Qe6 Kg7 34. Rb7 h5 35. Rxf7+ Rxf7 36. Qxf7+ Kh6 37. Qf4+ Kg7 38. Qxe4 Rd1 39. Qe7+ Kh6 40. h4 Qc3 41. Qf8+ Kh7 42. Qf7+ Kh8 43. Qg8# 1-0


[Site "https://www.chess.com"]

[Event "Titled Tuesday Blitz March 21 Late 2023"]
[White "Einarsson, Halldor Gretar"]
[Black "Vargas Pereda, Jesus Manue"]
[WhiteFideId "2300150"]
[BlackFideId "5115710"]
[WhiteElo "2142"]
[BlackElo "1914"]
[Result "1-0"]
[Round "07"]
[TimeControl "180+2"]
[Date "2023.03.21"]
[WhiteClock "0:00:33"]
[BlackClock "0:00:19"]

1. d4 d5 2. Nf3 Nf6 3. g3 c5 4. Bg2 Nc6 5. O-O Bf5 6. c4 cxd4 7. Nxd4 Nxd4 8. Qxd4 dxc4 9. Qxc4 Rc8 10. Qb5+ Qd7 11. Qxb7 Qxb7 12. Bxb7 Rc7 13. Bg2 e6 14. Bf4 Rc2 15. Nc3 Rxb2 16. Rfd1 Bb4 17. Bc6+ Ke7 18. Na4 Rxe2 19. a3 Rc8 20. Bb5 Rec2 21. axb4 Kf8 22. Nc5 Bh3 23. Rxa7 Ng4 24. Rdd7 Rxf2 25. Rxf7+ Kg8 26. Rxg7+ Kf8 27. Nxe6# 1-0


[Site "https://www.chess.com"]

[Event "Titled Tuesday Blitz March 21 Late 2023"]
[White "Horokoskii"]
[Black "Gerbelli Neto, Eduardo"]
[BlackFideId "2103281"]
[WhiteElo "2081"]
[BlackElo "2178"]
[Result "0-1"]
[Round "07"]
[TimeControl "180+2"]
[Date "2023.03.21"]
[WhiteClock "0:00:15"]
[BlackClock "0:00:20"]

1. d4 d5 2. c4 c6 3. Nc3 Nf6 4. Nf3 e6 5. Bg5 dxc4 6. a3 b5 7. e3 Nbd7 8. Be2 Bb7 9. O-O Be7 10. Qc2 O-O 11. Ne5 Nxe5 12. dxe5 Nd5 13. Bxe7 Qxe7 14. Bf3 Nxc3 15. Qxc3 Rfd8 16. Rfd1 Rxd1+ 17. Rxd1 Rd8 18. Rd4 g6 19. Qd2 Rxd4 20. Qxd4 a6 21. h3 Kf8 22. Kh2 c5 23. Qf4 Bxf3 24. Qxf3 Qc7 25. Qa8+ Kg7 26. f4 b4 27. Qxa6 bxa3 28. bxa3 c3 29. Qc4 Qa5 30. Qb3 h5 31. Kg3 c2 32. Qxc2 Qxa3 33. Kf3 Qb4 34. Qd3 Qb7+ 35. Kf2 Qc6 36. Qd8 c4 37. Qf6+ Kg8 38. Qd8+ Kh7 39. Qf8 Qc7 40. Qa3 c3 41. Ke2 Qc4+ 42. Kd1 Qd3+ 43. Kc1 Qxe3+ 44. Kc2 Qd2+ 45. Kb1 c2+ 0-1


[Site "https://www.chess.com"]

[Event "Titled Tuesday Blitz March 21 Late 2023"]
[White "salgadoLO"]
[Black "Bjelobrk, Igor"]
[BlackFideId "4300726"]
[WhiteElo "2181"]
[BlackElo "2335"]
[Result "0-1"]
[Round "07"]
[TimeControl "180+2"]
[Date "2023.03.21"]
[WhiteClock "0:00:08"]
[BlackClock "0:01:52"]

1. d4 e6 2. Nf3 c5 3. c3 d5 4. Bf4 Bd6 5. e3 Ne7 6. Bxd6 Qxd6 7. Bd3 Nbc6 8. O-O b6 9. Nbd2 Bb7 10. e4 cxd4 11. exd5 Nxd5 12. cxd4 O-O 13. Re1 Rfd8 14. Ne4 Qe7 15. Rc1 Nf4 16. Bb1 Rd7 17. Qd2 Ng6 18. Nc3 Rad8 19. d5 Nb4 20. Bxg6 hxg6 21. Qf4 Nd3 22. Qg3 Nxe1 23. Rxe1 Bxd5 24. Ng5 Qf6 25. Qh4 Bb7 26. Qh7+ Kf8 27. Qh4 Ke8 28. Nce4 Bxe4 0-1


[Site "https://www.chess.com"]

[Event "Titled Tuesday Blitz March 21 Late 2023"]
[White "Li, Hui"]
[Black "lisjakzlatko1"]
[WhiteFideId "15400310"]
[WhiteElo "1967"]
[BlackElo "2170"]
[Result "1-0"]
[Round "07"]
[TimeControl "180+2"]
[Date "2023.03.21"]
[WhiteClock "0:00:22"]
[BlackClock "0:00:02"]

1. e4 d6 2. d4 Nf6 3. Nc3 c6 4. Nf3 Bg4 5. h3 Bh5 6. g4 Bg6 7. Qe2 e6 8. Bg2 Be7 9. Bf4 d5 10. e5 Ne4 11. Bd2 a6 12. O-O-O c5 13. dxc5 Bxc5 14. Nxe4 Bxe4 15. Be3 Qc7 16. Bxc5 Qxc5 17. Kb1 Nd7 18. Ne1 Bg6 19. Nd3 Qc4 20. Rhe1 Rc8 21. Rd2 O-O 22. f4 Nc5 23. Nxc5 Rxc5 24. Qxc4 dxc4 25. Re3 b5 26. Kc1 b4 27. c3 a5 28. Rd4 f6 29. exf6 Rxf6 30. Bf1 h5 31. Bxc4 bxc3 32. Rxc3 Kh7 33. gxh5 1-0


[Site "https://www.chess.com"]

[Event "Titled Tuesday Blitz March 21 Late 2023"]
[White "Picard, Romain"]
[Black "Clawitter, Craig"]
[WhiteFideId "627216"]
[BlackFideId "2023105"]
[WhiteElo "2225"]
[BlackElo "2234"]
[Result "1-0"]
[Round "07"]
[TimeControl "180+2"]
[Date "2023.03.21"]
[WhiteClock "0:00:23"]
[BlackClock "0:00:06"]

1. e4 e6 2. d4 d5 3. Nd2 Be7 4. e5 c5 5. c3 cxd4 6. cxd4 Nh6 7. Bd3 Nc6 8. Ne2 Nf5 9. Nf3 O-O 10. O-O Nh4 11. Nxh4 Bxh4 12. Be3 Be7 13. a3 f6 14. f4 Bd7 15. b3 Be8 16. Ng3 Bg6 17. Bxg6 hxg6 18. Qg4 Kf7 19. Nh1 Qb6 20. Qd1 Na5 21. Rb1 Bxa3 22. g4 Rac8 23. f5 fxe5 24. fxg6+ Kxg6 25. Ng3 Kh7 26. g5 exd4 27. Qh5+ Kg8 28. g6 Rf6 29. Qh7+ Kf8 30. Rxf6+ Ke7 31. Qxg7+ Kd6 32. Nf5+ Kc6 33. Rxe6+ 1-0


[Site "https://www.chess.com"]

[Event "Titled Tuesday Blitz March 21 Late 2023"]
[White "Khatena, Moshe"]
[Black "Stead, Kerry"]
[WhiteFideId "2010461"]
[BlackFideId "3202577"]
[WhiteElo "2203"]
[BlackElo "1997"]
[Result "1-0"]
[Round "07"]
[TimeControl "180+2"]
[Date "2023.03.21"]
[WhiteClock "0:02:34"]
[BlackClock "0:00:09"]

1. e4 c6 2. d4 d5 3. Nd2 dxe4 4. Nxe4 Bf5 5. Ng3 Bg6 6. h4 h5 7. Bc4 e6 8. N1e2 Nf6 9. Nf4 Bf5 10. Nxf5 exf5 11. O-O 1-0


[Site "https://www.chess.com"]

[Event "Titled Tuesday Blitz March 21 Late 2023"]
[White "Barria Santos, Jose Guilherme"]
[Black "Kovacevic, Radmila"]
[WhiteFideId "1939300"]
[BlackFideId "933171"]
[WhiteElo "2301"]
[BlackElo "2194"]
[Result "0-1"]
[Round "07"]
[TimeControl "180+2"]
[Date "2023.03.21"]
[WhiteClock "0:00:04"]
[BlackClock "0:00:29"]

1. d4 d5 2. c4 dxc4 3. Nf3 c5 4. e4 cxd4 5. Nxd4 e5 6. Nf3 Qxd1+ 7. Kxd1 Nc6 8. Bxc4 Nf6 9. Nc3 Bg4 10. h3 Bh5 11. Bg5 O-O-O+ 12. Ke1 Bxf3 13. gxf3 Nd4 14. Bxf6 gxf6 15. Rc1 Nxf3+ 16. Ke2 Nd4+ 17. Kf1 Bh6 18. Rd1 Rd7 19. Nd5 b5 20. Bd3 Rd6 21. Rg1 f5 22. Ne7+ Kb8 23. exf5 Re8 24. Ng8 Bf4 25. Rg7 Red8 26. f6 Ne6 0-1


[Site "https://www.chess.com"]

[Event "Titled Tuesday Blitz March 21 Late 2023"]
[White "Van Foreest, Jorden"]
[Black "Sjugirov, Sanan"]
[WhiteFideId "1039784"]
[BlackFideId "4189302"]
[WhiteElo "2633"]
[BlackElo "2569"]
[Result "1/2-1/2"]
[Round "08"]
[TimeControl "180+2"]
[Date "2023.03.21"]
[WhiteClock "0:02:13"]
[BlackClock "0:02:15"]

1. e4 e5 2. Nf3 Nc6 3. Bc4 Bc5 4. d3 Nf6 5. Nc3 d6 6. Na4 Bb6 7. O-O O-O 8. c3 Be6 9. Bxe6 fxe6 10. Re1 Qe8 11. Nxb6 axb6 12. h3 Qg6 13. Nh4 Qf7 14. Nf3 Qg6 15. Nh4 Qf7 16. Nf3 Qg6 1/2-1/2


[Site "https://www.chess.com"]

[Event "Titled Tuesday Blitz March 21 Late 2023"]
[White "Maghsoodloo, Parham"]
[Black "Kramnik, Vladimir"]
[WhiteFideId "12539929"]
[BlackFideId "4101588"]
[WhiteElo "2647"]
[BlackElo "2712"]
[Result "0-1"]
[Round "08"]
[TimeControl "180+2"]
[Date "2023.03.21"]
[WhiteClock "0:00:02"]
[BlackClock "0:00:23"]

1. d4 Nf6 2. c4 e6 3. Nf3 Bb4+ 4. Bd2 Bxd2+ 5. Qxd2 O-O 6. Nc3 d5 7. Rc1 Qe7 8. c5 b6 9. b4 a5 10. a3 axb4 11. axb4 bxc5 12. bxc5 Ba6 13. Ne5 Nfd7 14. Nxd7 Nxd7 15. g3 c6 16. Bh3 f5 17. f4 Nf6 18. O-O Bc4 19. Ra1 h5 20. Qe3 Ne4 21. Nxe4 dxe4 22. Rfc1 Rxa1 23. Rxa1 Rd8 24. Rc1 Bb5 25. Qf2 Qa7 26. e3 Qa3 27. Qd2 Ra8 28. Bf1 Bxf1 29. Kxf1 Qb3 30. Qc3 Qb5+ 31. Qc4 Ra1 32. Kf2 Qxc4 33. Rxc4 Ra2+ 34. Kg1 Re2 35. Rc3 h4 36. gxh4 Kh7 37. Ra3 Kg6 38. Ra6 Kh5 39. Rxc6 Kg4 40. Rxe6 Kf3 41. h3 Rxe3 42. d5 Re1+ 43. Kh2 Re2+ 44. Kg1 Rc2 45. c6 e3 46. Re8 e2 47. h5 Rc5 48. h4 Rxd5 49. Kh2 Rc5 0-1


[Site "https://www.chess.com"]

[Event "Titled Tuesday Blitz March 21 Late 2023"]
[White "Bortnyk, Olexandr"]
[Black "Gholami Orimi, Mahdi"]
[WhiteFideId "14120828"]
[BlackFideId "12558486"]
[WhiteElo "2734"]
[BlackElo "2363"]
[Result "0-1"]
[Round "08"]
[TimeControl "180+2"]
[Date "2023.03.21"]
[WhiteClock "0:00:04"]
[BlackClock "0:01:17"]

1. d4 Nf6 2. Nc3 d5 3. Bf4 e6 4. Nb5 Na6 5. e3 c6 6. Nc3 Bb4 7. Bxa6 bxa6 8. Nf3 Ne4 9. O-O Nxc3 10. bxc3 Bxc3 11. Rb1 O-O 12. Ne5 Qe8 13. Qg4 f6 14. Bh6 Qe7 15. Nxc6 Qc7 16. Rb3 Bd2 17. Rd1 Rf7 18. Rxd2 Qxc6 19. Qg3 a5 20. h4 a4 21. Rb1 Ba6 22. Bf4 Rb7 23. Rxb7 Qxb7 24. Kh2 Bc4 25. a3 Kf7 26. Bd6 a5 27. Rd1 Qb2 28. Bc5 Qxc2 29. Qc7+ Kg6 30. Qg3+ Kf7 31. Re1 h5 32. Qc7+ Kg6 33. Kg3 Qf5 34. f3 e5 35. Qc6 Rb8 36. Qxa4 Rb2 37. Qxa5 Qc2 0-1


[Site "https://www.chess.com"]